Map: Orbital Shipyard

Players

BravO

  • Race: Terran Terran
  • League: Platinum

Reality - Winner!

  • Race: Terran Terran
  • League: Master

Event: Team Gravity's Tournament of Champions #5

VOD

Have the link to the VOD?

Description

Time

  • Played on: Nov. 15, 2015, 6:24 p.m.
  • Length: 10:25

All games in this series

Show
View Real Time Build Order
Export as new Build Order

BravO Terran 

Build Orders: Liberator Opening, Bio Tank 

Get SALT Encoding   

  12  0:00  SCV  
  13  0:12  SCV  
  14  0:17  Supply Depot  
  14  0:25  SCV  
  15  0:39  SCV  
  15  0:40  Barracks  
  16  0:51  SCV  
  17  1:03  SCV  
  18  1:14  Command Center  
  18  1:15  SCV  
  19  1:27  Orbital Command  
  19  1:28  Marine  
  20  1:35  Refinery  
  20  1:39  Refinery  
  20  1:48  Supply Depot  
  20  1:53  SCV  
  20  1:54  Marine  
  22  2:05  SCV  
  23  2:11  Marine  
  24  2:17  SCV  
  24  2:22  Factory  
  25  2:27  Orbital Command  
  25  2:29  SCV  
  26  2:32  Barracks Reactor  
  26  2:41  SCV  
  27  2:53  SCV  
  27  2:56  SCV  
  27  3:06  SCV  
  27  3:08  Hellion, Starport  
  27  3:12  SCV  
  30  3:18  SCV  
  31  3:22  Marine x2  
  31  3:24  SCV  
  31  3:27  Liberator  
  31  3:30  SCV  
  31  3:31  Factory Tech Lab  
  31  3:37  SCV  
  32  3:42  SCV  
  32  3:48  Marine x2  
  36  3:49  SCV, Supply Depot  
  36  3:54  SCV  
  40  4:00  Cyclone  
  40  4:01  SCV  
  44  4:06  SCV  
  45  4:12  Command Center  
  45  4:15  Supply Depot  
  45  4:18  SCV x2  
  45  4:30  SCV x2  
  47  4:37  Barracks  
  47  4:41  Barracks  
  47  4:43  Factory Tech Lab  
  47  4:44  Viking  
  47  4:45  Marauder  
  51  4:46  Stimpack, Refinery  
  51  4:50  SCV x2  
  53  4:56  Engineering Bay  
  51  5:02  SCV  
  51  5:03  SCV  
  50  5:09  Marauder  
  49  5:14  SCV  
  49  5:15  SCV  
  48  5:26  Barracks Tech Lab  
  48  5:27  SCV x2, Refinery  
  48  5:28  Siege Tank  
  50  5:30  Marine x2  
  50  5:32  Terran Infantry Weapons Level 1  
  52  5:39  SCV x2  
  54  5:43  Marauder  
  54  5:46  Marauder  
  54  5:47  Combat Shields, Marine x2  
  60  5:51  SCV x2  
  62  5:57  Barracks x2  
  62  6:08  Supply Depot  
  62  6:13  SCV x2  
  62  6:15  Orbital Command  
  62  6:16  Marine, Marauder x2  
  62  6:17  Marine  
  70  6:23  Siege Tank  
  73  6:31  Starport Reactor  
  73  6:32  SCV x2, Orbital Command  
  75  6:34  Supply Depot  
  75  6:40  Marauder x2, Marine x2  
  75  6:45  SCV x2  
  83  6:49  Barracks Reactor, Barracks Tech Lab  
  83  6:53  Supply Depot  
  83  6:55  Barracks Reactor x2  
  83  7:00  Siege Tank  
  83  7:01  Supply Depot  
  86  7:02  Marine x4  
  86  7:04  SCV  
  86  7:06  SCV x2  
  93  7:15  Medivac  
  95  7:16  Supply Depot, Medivac  
  95  7:21  SCV x2  
  95  7:22  SCV  
  100  7:24  Supply Depot  
  100  7:31  Terran Infantry Armor Level 1, Marine x2  
  100  7:32  Siege Tank  
  100  7:34  Marine x2  
  100  7:35  Marine  
  100  7:36  Marine  
  108  7:41  Marine x2  
  110  7:50  Supply Depot  
  110  7:51  Supply Depot, Medivac x2  
  110  7:55  Marine x4  
  118  7:58  Marine x2  
  118  7:59  Marine  
  118  8:00  Marine  
  121  8:07  Siege Tank  
  123  8:13  Supply Depot, Marine x2  
  123  8:14  Supply Depot  
  123  8:19  Marine x2  
  125  8:20  Marine x4  
  125  8:25  Armory  
  131  8:29  SCV x3  
  131  8:30  Medivac x2  
  131  8:32  Marine x2  
  140  8:40  Siege Tank  
  143  8:41  Marine x4  
  143  8:43  Marine  
  143  8:45  Marine  
  116  8:50  Marine  
  111  8:56  Marine  
  111  8:59  Marine x4  
  111  9:01  Marine  
  117  9:05  Marine  
  117  9:08  Marine  
  119  9:10  Medivac x2  
  119  9:14  Marine  
  119  9:17  Marine x4  
  124  9:18  Marine  
  124  9:20  Siege Tank  
  123  9:25  Marine  
  123  9:26  Engineering Bay  
  124  9:32  Marine  
  124  9:34  Marine x2  
  124  9:35  Marine  
  118  9:40  Marine x2  
  118  9:44  Marine x2  
  105  9:49  Marine  
  105  9:52  Marine x3  
  100  9:53  Siege Tank  
  90  9:58  Marine x2  
  90  10:02  Marine x2  
  90  10:07  Marine  
Show
View Real Time Build Order
Export as new Build Order

Reality Terran - Winner!

Build Orders: Reaper Expand, Bio Tank 

Get SALT Encoding   

  12  0:00  SCV  
  13  0:13  SCV  
  14  0:18  Supply Depot  
  14  0:25  SCV  
  15  0:40  SCV  
  15  0:41  Barracks  
  16  0:44  Refinery  
  16  0:52  SCV  
  17  1:04  SCV  
  18  1:16  SCV  
  19  1:28  Orbital Command  
  19  1:29  Reaper  
  20  1:39  Command Center  
  20  1:46  Refinery  
  20  1:54  SCV  
  20  1:56  Supply Depot  
  20  2:01  Reaper  
  22  2:06  SCV  
  23  2:16  Factory  
  23  2:18  SCV  
  24  2:30  SCV  
  24  2:33  Barracks Reactor  
  25  2:42  SCV  
  26  2:52  Orbital Command  
  26  2:55  SCV  
  27  3:07  SCV  
  27  3:08  Starport  
  28  3:18  SCV  
  28  3:19  SCV  
  30  3:21  Hellion x2  
  34  3:30  SCV  
  34  3:31  SCV  
  34  3:42  SCV  
  34  3:43  SCV  
  34  3:44  Medivac  
  34  3:45  Hellion x2  
  34  3:47  Supply Depot, Barracks Tech Lab  
  42  3:55  SCV x2  
  44  4:01  Command Center  
  44  4:07  SCV x2  
  46  4:15  Viking  
  46  4:16  Siege Tank  
  51  4:19  SCV x2  
  53  4:24  Supply Depot  
  53  4:29  Supply Depot  
  53  4:31  SCV  
  54  4:41  Supply Depot, Engineering Bay  
  54  4:45  Marine x2  
  54  4:46  SCV x2  
  54  4:47  Viking  
  54  4:51  Siege Tank  
  63  4:58  SCV x2  
  65  5:10  SCV x2  
  67  5:16  Barracks  
  67  5:18  Barracks  
  65  5:22  SCV x2  
  65  5:24  Siege Tank  
  65  5:25  Starport Reactor, Orbital Command  
  62  5:28  Terran Infantry Weapons Level 1  
  62  5:30  Refinery  
  62  5:31  Refinery  
  62  5:34  SCV x2, Barracks Tech Lab  
  64  5:37  Barracks x2  
  64  5:43  Supply Depot, Orbital Command  
  64  5:46  SCV x2  
  66  5:52  Supply Depot  
  66  5:57  Stimpack, Marine  
  66  5:58  SCV x2  
  69  6:08  SCV  
  69  6:10  SCV x2, Starport Reactor  
  72  6:17  Marine  
  72  6:18  Marine x4  
  77  6:20  SCV  
  77  6:22  Supply Depot, SCV x2  
  77  6:24  Supply Depot  
  77  6:28  Armory  
  77  6:31  Engineering Bay  
  77  6:32  SCV  
  78  6:35  SCV x2, Marine  
  78  6:36  Barracks Reactor, Marine  
  78  6:38  Barracks Reactor, Marine  
  78  6:39  Marine x2  
  85  6:42  Supply Depot  
  85  6:44  SCV, Siege Tank  
  85  6:47  Supply Depot, SCV x2  
  91  6:49  Refinery  
  91  6:50  Refinery  
  91  6:51  Medivac  
  91  6:53  Marine x2, Medivac  
  97  6:56  Marine x2  
  97  6:57  Marine  
  97  7:00  SCV x2  
  102  7:02  Supply Depot  
  102  7:03  Terran Infantry Armor Level 1, SCV  
  103  7:08  Missile Turret  
  103  7:10  Missile Turret  
  103  7:12  Marine x3  
  103  7:13  Marine x2  
  103  7:14  Marine x3  
  111  7:18  Factory  
  111  7:24  Siege Tank  
  111  7:27  Medivac  
  116  7:32  Medivac  
  118  7:37  Supply Depot, Marine x3  
  118  7:40  Supply Depot, Marine x6  
  127  7:44  Terran Infantry Weapons Level 2  
  127  7:52  Missile Turret  
  127  7:57  Sensor Tower  
  127  7:58  Marine x4  
  127  7:59  Marine x3  
  127  8:00  Marine x2  
  127  8:02  Combat Shields  
  135  8:08  Factory Tech Lab  
  135  8:09  Siege Tank  
  135  8:10  Supply Depot  
  138  8:16  Marine x2  
  138  8:17  Marine x5  
  138  8:18  Marine  
  138  8:19  Supply Depot  
  146  8:20  Marine  
  146  8:27  Siege Tank  
  150  8:28  Barracks x2, Medivac  
  150  8:29  Medivac  
  154  8:38  Marine x4  
  154  8:39  Marine x3  
  154  8:40  Marine x2  
  166  8:41  Siege Tank  
  143  8:56  Marine  
  143  8:57  Marine x5  
  143  8:58  Marine x2  
  143  9:01  Marine  
  152  9:07  Medivac x2  
  152  9:09  Siege Tank  
  159  9:15  Barracks Reactor x2  
  159  9:16  Supply Depot  
  159  9:18  Supply Depot  
  159  9:21  Marine  
  159  9:22  Marine x8  
  161  9:39  Marine x3  
  161  9:40  Marine x6  
  161  9:45  Medivac x2  
  166  9:46  Siege Tank  
  166  9:48  Siege Tank  
  161  9:53  Marine x2  
  161  9:55  Marine  
  161  9:56  Marine  
  161  9:57  Marine x7  

Tags
 
Add a new tag
Caveats
  • Supply blocks, unpowered buildings, or Contaminate may cause inaccurate times.
  • Supply counts are checked every 10 seconds.